 Dungeon Crawl Stone Soup version 0.29.1-4-g47bece8355 (webtiles) character file.

Game seed: 11262040124295792083

124 Ashlyn the Conjurer (level 4, 0/24 HPs)
             Began as a Deep Elf Conjurer on Dec 8, 2022.
             Was an Initiate of Yredelemnul.
             Slain by an adder (3 damage)
             ... on level 3 of the Dungeon.
             The game lasted 00:25:13 (2245 turns).

Ashlyn the Conjurer (Deep Elf Conjurer)             Turns: 2245, Time: 00:25:13

Health: 0/24       AC:  2    Str:  4    XL:     4   Next: 81%
Magic:  1/12       EV: 13    Int: 25    God:    Yredelemnul [......]
Gold:   87         SH:  0    Dex: 13    Spells: 5/11 levels left

rFire   . . .      SeeInvis .   c - staff of conjuration
rCold   . . .      Faith    .   (no shield)
rNeg    . . .      Spirit   .   a - +0 robe
rPois   .          Reflect  .   (no helmet)
rElec   .          Harm     .   (no cloak)
rCorr   .          Rampage  .   (no gloves)
Will    .....                   (no boots)
Stlth   ++........              (no amulet)
HPRegen 0.08/turn               (no ring)
MPRegen 0.13/turn               (no ring)

@: no status effects
A: no striking features
a: Renounce Religion, Recall Undead Harvest


You were on level 3 of the Dungeon.
You worshipped Yredelemnul.
Yredelemnul was noncommittal.
You visited 1 branch of the dungeon, and saw 4 of its levels.

You collected 87 gold pieces.

Inventory:

Hand Weapons
 d - a +0 club
 h - a +0 club
 j - a +0 short sword
 p - a +0 club
 q - a +0 flail
 s - a +0 mace
Missiles
 f - 6 datura-tipped darts (quivered)
 k - a stone
Armour
 a - a +0 robe (worn)
 g - a +0 leather armour
 i - a +0 robe
 l - a +0 chain mail
 r - a +0 robe
Magical Staves
 c - a staff of conjuration (weapon)
Jewellery
 m - a +4 ring of evasion
Scrolls
 e - 2 scrolls of vulnerability
 o - a scroll of enchant weapon {unknown}
Potions
 b - a potion of magic


   Skills:
 + Level 0.1 Fighting
 + Level 3.2 Dodging
 + Level 3.2 Stealth
 + Level 4.2 Spellcasting
 + Level 5.6 Conjurations


You had 5 spell levels left.
You knew the following spells:

 Your Spells              Type           Power      Damage    Failure   Level
a - Magic Dart            Conj           100%       1d8       1%          1
b - Searing Ray           Conj           100%       2d8       1%          2
c - Spider Form           Tmut/Pois      5%         N/A       26%         3

Your spell library contained the following spells:

 Spells                   Type           Power      Damage    Failure   Level
 Dazzling Flash           Conj/Hex       58%        N/A       9%          3
 Ensorcelled Hibernation  Hex/Ice        10%        N/A       14%         2
 Fulminant Prism          Conj/Hex       14%        3d9       28%         4
 Iskenderun's Mystic Bla  Conj/Tloc      29%        2d7       28%         4
 Anguish                  Hex/Necr       2%         N/A       65%         4


Dungeon Overview and Level Annotations

Branches:
Dungeon (4/15)
 Temple: D:4-7

Altars:
Xom
Yredelemnul


Message History

Press: ? - help, Shift-Dir - straight line, f - adder
Aim: an adder (moderately wounded, ally target, 72% to hit)
You feel a surge of power!
The searing ray misses the adder. (Press . to maintain the ray.)
You feel sick. The adder bites you. The adder attacks as you move away!
The adder bites you but does no damage.
You feel sick. The adder misses you.
Your orc zombie hits something but does no damage.
You feel sick.
You are no longer poisoned.
The adder barely misses you.
There is a stone staircase leading up here.
You can't go down here!
Your jackal zombie seems less confused.
The adder closely misses you. The jackal bites you.
You climb upwards.
Reactivating autopickup.
There is a stone staircase leading down here.
The adder barely misses you. The adder attacks as you move away!
The adder barely misses you. The adder bites you.
* * * LOW HITPOINT WARNING * * *
You are poisoned.
The adder poisons you!
You feel sick. The adder closely misses you.
You feel sick.
It was a potion of cancellation.
You feel magically purged.
You feel sick. The adder barely misses you.
Casting: Searing Ray (safe; 1% risk of failure)
Confirm with . or Enter, or press ? or * to list all spells.
Aiming: Magic Dart (safe; 1% risk of failure)
Press: ? - help, Shift-Dir - straight line, f - adder
Aim: an adder (moderately wounded, 100% to hit)
You feel a surge of power!
The magic dart hits the adder.
The adder is severely wounded.
You feel sick.
You are no longer poisoned.
The adder bites you.
You die...
Your body rises from the dead as a mindless zombie.

##.#.####Z#.# #.........###
##.....##.#.# ....#........
####.#.##Z#Z# ... #........
.......##Z#.# .. #.#'##...
.......##.#.# ######'#.#.#......
##......#ZZ.# #..>.......#......
##..##.#########.##########......
###...<#........S.........#......
.###..######....@.#######.#######
## ##÷.#................#........
.###.....###<..................##
..#...#....................>...#
..†..###.########..............#
#._.## #.. #..........#####
..†..###.#. ............#
..#...#..# ########.....#
.###.....# #.....#


You could see an adder.

Vanquished Creatures
  A gnoll bouda (D:3)
  An orc priest (D:3)
  A white imp (D:3)
  7 orcs
  5 ball pythons
  2 giant cockroaches
  3 goblins
  4 hobgoblins
  6 jackals
  A quokka (D:3)
  4 bats
  2 frilled lizards (D:1)
  A goblin zombie (D:3)
  2 kobolds
  5 rats
45 creatures vanquished.

Vanquished Creatures (collateral kills)
  An orc (D:3)
  A hobgoblin (D:3)
  2 rats (D:3)
  A rat zombie (D:3)
5 creatures vanquished.

Vanquished Creatures (others)
  A dart slug (D:3)
  An orc (D:3)
  A hobgoblin (D:3)
  A ball python (D:3)
  A goblin (D:3)
  A hobgoblin zombie (D:3)
  2 orc zombies (D:3)
  A quokka zombie (D:3)
9 creatures vanquished.

Grand Total: 59 creatures vanquished

Notes
Turn   | Place    | Note
-------+----------+-------------------------------------------
     0 | D:1      | Ashlyn the Deep Elf Conjurer began the quest for the Orb.
     0 | D:1      | Reached XP level 1. HP: 10/10 MP: 6/6
   340 | D:1      | Identified a scroll of acquirement
   340 | D:1      | Acquired a staff of conjuration
   634 | D:1      | Reached XP level 2. HP: 15/15 MP: 6/8
   663 | D:1      | Learned a level 2 spell: Searing Ray
   709 | D:1      | Reached skill level 5 in Conjurations
   939 | D:1      | You fall into a shaft and drop 1 floor!
   972 | D:3      | Found a faded altar of an unknown god.
  1234 | D:3      | Prayed at the altar of an unknown god.
  1234 | D:3      | Became a worshipper of Yredelemnul the Dark
  1234 | D:3      | Reached * piety under Yredelemnul
  1264 | D:3      | Found a shimmering altar of Xom.
  1267 | D:3      | Reached XP level 3. HP: 19/19 MP: 6/10
  1411 | D:3      | Reached ** piety under Yredelemnul
  1536 | D:3      | Reached XP level 4. HP: 9/24 MP: 7/11
  2049 | D:3      | Learned a level 3 spell: Spider Form
  2245 | D:3      | Slain by an adder

Illustrated notes

Levels and vault maps discovered:
D:1:      amcnicky_arrival_double_pillar, layout_basic
D:2:      layout_basic, uniq_terence, uniq_jessica
D:3:      layout_basic, xom_confusion_cloud, nicolae_ecumenical_snake_handling,
          uniq_sigmund
D:4:      layout_basic, amcnicky_altar_gilded, lemuel_doored_altar,
          okawaru_trees_2, serial_shops, nicolae_shop_waterfront,
          uniq_blork_the_orc, uniq_pikel, uniq_crazy_yiuf_cottage

Skill      XL: |  1  2  3  4 |
---------------+-------------+-----
Conjurations   | 5 |  5.6
Dodging        | 3 |  3.2
Stealth        | 3 |  3.2
Spellcasting   | 4 |  4.2
Fighting       | |  0.1

Action                   |  1- 3 |  4- 6 || total
-------------------------+-------+-------++-------
Melee: Staff             |       |     9 ||     9
       Unarmed           |       |     2 ||     2
 Cast: Magic Dart        |    22 |     1 ||    23
       Searing Ray       |    19 |     9 ||    28
       Spider Form       |       |     1 ||     1
Invok: Recall Undead Har |       |     1 ||     1
  Use: Scroll            |     5 |       ||     5
       Potion            |     2 |     1 ||     3
Armor: Robe              |    24 |     8 ||    32
Dodge: Dodged            |    51 |    35 ||    86
